 Seeded DCSS version 0.29-a0-648-g6b26cc9f40 (webtiles) character file.

Game seed: 15958291238682685692 (custom seed)

5931 zeratav the Archer (level 10, 55/55 HPs)
             Began as a Spriggan Hunter on June 20, 2022.
             Was a Priest of Okawaru.
             Quit the game in a bailey.
             The game lasted 00:18:12 (9664 turns).

zeratav the Archer (Spriggan Hunter)                Turns: 9664, Time: 00:18:13

Health: 55/55      AC:  7    Str:  7    XL:     10   Next: 54%
Magic:  11/11      EV: 30    Int: 17    God:    Okawaru [***...]
Gold:   2516       SH:  0    Dex: 23    Spells: 9/9 levels left

rFire   . . .      SeeInvis +   a - +5 shortbow (flame) {bow}
rCold   . . .      Faith    .   (shield currently unavailable)
rNeg    . . .      Spirit   +   y - +0 steam dragon scales
rPois   .          Reflect  .   (helmet restricted)
rElec   .          Harm     .   H - +1 cloak "Abureav" {Int+6 Stlth+}
rCorr   .          Rampage  .   (gloves unavailable)
Will    ++...                   (boots unavailable)
Stlth   ++++......              E - amulet of guardian spirit
HPRegen 0.18/turn               j - +4 ring of evasion
MPRegen 0.12/turn               u - ring of willpower

@: very quick
A: very small, no large weapons, unfitting armour, see invisible, speed 3
a: Renounce Religion, Heroism


You were in a bailey.
You worshipped Okawaru.
Okawaru was most pleased with you.
You visited 2 branches of the dungeon, and saw 10 of its levels.
You also visited: Ossuary and Bailey.

You collected 2516 gold pieces.


Innate Abilities, Weirdness & Mutations

You are very small and have problems with some larger weapons.
You are too small for most types of armour.
You have supernaturally acute eyesight. (SInv)
You cover ground extremely quickly. (Speed+++)


   Skills:
 + Level 7.2 Fighting
 + Level 13.8 Bows
 - Level 10.0 Dodging
 - Level 5.0 Stealth


You had 9 spell levels left.
You didn't know any spells.
Your spell library contained the following spells:

 Spells                   Type           Power      Damage    Failure   Level
 Magic Dart               Conj           0%         1d3       24%         1
 Blink                    Tloc           0%         N/A       34%         2
 Inner Flame              Hex/Fire       0%         N/A       56%         3
 Lesser Beckoning         Tloc           0%         N/A       56%         3
 Mephitic Cloud           Conj/Pois/Air  0%         N/A       56%         3
 Ozocubu's Armour         Ice            0%         N/A       56%         3
 Cause Fear               Hex            0%         N/A       93%         4
 Manifold Assault         Tloc           0%         N/A       100%        5
 Ozocubu's Refrigeration  Ice            0%         4d5       100%        7
 Discord                  Hex            0%         N/A       100%        8
 Call Imp                 Summ           Unusable   N/A       N/A         2

Inventory:

Hand Weapons
 a - a +5 shortbow of flaming (weapon) {bow}
Missiles
 D - 2 boomerangs of dispersal {=fthrowing}
Armour
 b - a +1 robe
 l - a +0 cloak
   (You took it off Crazy Yiuf on level 2 of the Dungeon)
 y - +0 steam dragon scales (worn)
   (You found it on level 7 of the Dungeon)
 C - a +1 robe of willpower
   (You took it off an orc wizard on level 8 of the Dungeon)
 H - the +1 cloak "Abureav" (worn) {Int+6 Stlth+}
   (You found it in a bailey)

   Int:       It affects your intelligence (+6).
   Stlth:     It makes you more stealthy.
Jewellery
 e - a ring of resist corrosion
   (You found it on level 3 of the Dungeon)
 j - a +4 ring of evasion (left hand)
   (You found it on level 3 of the Dungeon)
 u - a ring of willpower (right hand)
   (You found it on level 5 of the Dungeon)
 E - an amulet of guardian spirit (around neck)
   (You found it on level 9 of the Dungeon)
Wands
 m - a wand of flame (21)
   (You took it off Natasha on level 3 of the Dungeon)
 x - a wand of paralysis (24)
   (You found it on level 7 of the Dungeon)
Scrolls
 c - 2 scrolls of immolation {!r!r}
 g - 10 scrolls of teleportation {@r4}
 h - 3 scrolls of enchant armour
 k - 3 scrolls of poison {!r}
 o - 2 scrolls of vulnerability {!r!r}
 r - 7 scrolls of identify {@r1}
 t - 2 scrolls of fog
 w - a scroll of fear
 z - 2 scrolls of magic mapping {!r}
 F - a scroll of summoning
 G - a scroll of acquirement
Potions
 d - 2 potions of invisibility
 f - a potion of berserk rage {unknown}
 i - 2 potions of mutation {unknown}
 n - 6 potions of heal wounds {unknown}
 p - 2 potions of brilliance {unknown}
 q - 2 potions of magic {unknown}
 s - 4 potions of attraction {unknown}
 v - 3 potions of haste {unknown}
 A - 7 potions of curing {unknown}
 B - a potion of degeneration {unknown}
 I - a potion of experience

Dungeon Overview and Level Annotations

Branches:
Dungeon (9/15) Zot: 26782  Temple (1/1) D:5 Zot: 5926 Ossuary (visited)
 Bailey (1/1) Zot: 5504
   Lair: D:8-11         Orc: D:9-12

Altars:
Dithmenos
Elyvilon
Fedhas
Gozag
Hepliaklqana
Kikubaaqudgha
Makhleb
Nemelex Xobeh
Okawaru
Qazlal
Ru
Trog
Vehumet
Yredelemnul
Zin
The Shining One

Annotations:
D:4 1 transporter, logorrheac's ghost, novice GnWn

##......####≈≈≈####......##
♣##.....#≈≈≈≈≈≈≈≈≈#.....##♣
♣.##....#≈.8...8.≈#....##.♣
♣♣..###)###.......###'###..♣♣
♣.).(≈≈.#≈≈.8...8.≈≈#.≈≈≈...♣
♣♣...≈≈≈)#≈.........≈#.≈≈≈...♣♣
♣∩...≈≈≈(#≈....∩....≈#.≈≈≈...∩♣
♣♣...≈≈≈(##.........##.≈≈≈...♣♣
♣...≈≈≈.#≈..8.@.8..≈#.≈≈≈...♣
♣♣..###)#≈.........≈#'###..♣♣
♣.##..)#≈..8...8.[≈#...##)♣
♣##...)##≈≈#####≈≈##....##♣
##......####...####).....##
#........)................#
#..8..8...)()....))(8..8..#
#...........).............#
##.................()....##


There were no monsters in sight!


Message History

Ouch! That really hurt!
* * * LOW HITPOINT WARNING * * *
HP[-28] MP[-6]
You take 28 damage, and now have 25/53 hp.
MASSIVE DAMAGE!! (PAUSE)
You lost 6 mp, and now have 5/11 mp.
There is an open door here.
HP[+1]
There is an open door here.
HP[+1] MP[+1]
You are too injured to fight recklessly!
You are too injured to fight recklessly!
You are too injured to fight recklessly!
Shoot: a) +5 shortbow (flame) {bow}
Press: ? - help, Q - select action, (/) - cycle Shift-Dir - straight line, f/p - orc warlord
Aim: an orc warlord, wielding a +0 broad axe and wearing a +0 chain mail (heavily wounded, 79% to hit)
You shoot an arrow. The arrow hits the orc warlord!
The arrow burns the orc warlord.
Shoot: a) +5 shortbow (flame) {bow}
Press: ? - help, Q - select action, (/) - cycle Shift-Dir - straight line, f/p - orc warlord
Aim: an orc warlord, wielding a +0 broad axe and wearing a +0 chain mail (severely wounded, 79% to hit)
You shoot an arrow. The arrow hits the orc warlord.
The arrow burns the orc warlord.
Shoot: a) +5 shortbow (flame) {bow}
Press: ? - help, Q - select action, (/) - cycle Shift-Dir - straight line, f/p - orc warlord
Aim: an orc warlord, wielding a +0 broad axe and wearing a +0 chain mail (severely wounded, 79% to hit)
You shoot an arrow.
The arrow barely misses the orc warlord.
Shoot: a) +5 shortbow (flame) {bow}
Press: ? - help, Q - select action, (/) - cycle Shift-Dir - straight line, f/p - orc warlord
Aim: an orc warlord, wielding a +0 broad axe and wearing a +0 chain mail (severely wounded, 79% to hit)
You shoot an arrow.
The arrow hits the orc warlord but does no damage.
Shoot: a) +5 shortbow (flame) {bow}
Press: ? - help, Q - select action, (/) - cycle Shift-Dir - straight line, f/p - orc warlord
Aim: an orc warlord, wielding a +0 broad axe and wearing a +0 chain mail (severely wounded, 79% to hit)
You shoot an arrow.
The arrow barely misses the orc warlord.
Shoot: a) +5 shortbow (flame) {bow}
Press: ? - help, Q - select action, (/) - cycle Shift-Dir - straight line, f/p - orc warlord
Aim: an orc warlord, wielding a +0 broad axe and wearing a +0 chain mail (severely wounded, 79% to hit)
You shoot an arrow. The arrow hits the orc warlord!
The arrow burns the orc warlord.
HP[+1] MP[+1] HP[+1]
There is an open door here.
Things that are here:
a +0 hand axe {axe}; a +0 leather armour
Things that are here:
a +0 hand axe {axe}; a +0 leather armour; a goblin corpse You see here 2 boomerangs {throwing}.
Shoot: a) +5 shortbow (flame) {bow}
Press: ? - help, Q - select action, (/) - cycle Shift-Dir - straight line, f/p - orc warlord
Aim: an orc warlord, wielding a +0 broad axe and wearing a +0 chain mail (severely wounded, 79% to hit)
You shoot an arrow. The arrow hits the orc warlord!
The arrow burns the orc warlord!
You kill the orc warlord!
Okawaru is honoured by your kill.
Your Fighting skill increases to level 7!
HP[+2] MP[+1]
You now have 55 max hp (+2).
You regained 2 hp, and now have 31/55 hp.
Shoot: a) +5 shortbow (flame) {bow}
Press: ? - help, Q - select action, (/) - cycle Shift-Dir - straight line, f - you That would be overly suicidal.
Okay, then.
Shoot: a) +5 shortbow (flame) {bow}
Press: ? - help, Q - select action, (/) - cycle Shift-Dir - straight line, f - you That would be overly suicidal.
Okay, then.
Things that are here:
a +0 hand axe {axe}; a +0 leather armour; a goblin skeleton
There is an open door here.
Things that are here:
a +0 hand axe {axe}; a +0 leather armour
Things that are here:
a +0 broad axe {axe}; a +0 chain mail; HP[+24] MP[+3]
Your hp is fully restored (55).
Your mp is fully restored (11).
There is an open translucent gate here.
You enter the shallow water.
Moving in this stuff is going to be slow.
G - 3 scrolls labelled WOTUECHEUTZ
H - the +1 cloak "Abureav" {Int+6 Stlth+}
I - a potion of experience
As you read the scroll of identify {@r1}, it crumbles to dust.
G - 3 scrolls of acquirement
Okay, then.
You start removing your armour.
You continue taking off your +0 cloak. x4
You finish taking off your +0 cloak.
You start putting on your armour.
You continue putting on the +1 cloak "Abureav" {Int+6 Stlth+}. x5
You finish putting on the +1 cloak "Abureav" {Int+6 Stlth+}.
You feel clever. Something appears at your feet!
You now have 1748 gold pieces (gained 1186).
Something appears at your feet!
You now have 2516 gold pieces (gained 768).
Are you sure you want to abandon this character and quit the game? (Confirm with "yes".)

Skill      XL: |  1  2  3  4  5  6  7  8  9 10 |
---------------+-------------------------------+-----
Stealth        | 3 4 5 |  5.0
Bows           | 6 7 10 11 12 13 | 13.8
Fighting       | 2 4 6 7 |  7.2
Dodging        | 4 7 9 10 | 10.0

Action                   |  1- 3 |  4- 6 |  7- 9 | 10-12 || total
-------------------------+-------+-------+-------+-------++-------
 Fire: Shortbow          |    74 |   173 |   363 |   139 ||   749
Evoke: Wand              |       |       |       |     3 ||     3
  Use: Scroll            |     4 |     8 |     3 |     5 ||    20
Armor: Robe              |     6 |     4 |     3 |       ||    13
       Steam dragon scal |       |       |     9 |     2 ||    11
Dodge: Dodged            |    19 |    85 |   108 |    46 ||   258

Levels and vault maps discovered:
D:1:      minmay_arrival_jagged, layout_loops_ring,
          dreamdust_ecumenical_altar_grove
D:2:      layout_loops_ring, uniq_jessica, uniq_crazy_yiuf_cottage
D:3:      minmay_goblin_kobold_castle, layout_basic, uniq_natasha
D:4:      layout_rooms, gammafunk_ghost_smash, kennysheep_flooded_box,
          grunt_ministairs_2, uniq_pikel
D:5:      layout_loops_ring, temple_statues, chequers_serial_rivers_marsh
D:6:      layout_loops_cross, uniq_grinder
D:7:      layout_rooms, nicolae_ossuary_entry_catacombs,
          serial_co_window_serial, co_window_corner_a, co_window_corner_a,
          co_window_corner_a, co_window_paths_a, co_window_paths_a,
          co_window_of_opportunity_b, co_window_cross_4,
          co_window_of_opportunity_b, co_window_corner_b, co_window_4corner_b
D:8:      layout_basic, uniq_maurice
D:9:      layout_roguey, enter_bailey_5, uniq_joseph
Temple:   lightli_temple_of_artemis
Bailey:   bailey_axe_bossmonster_kennysheep, bailey

Notes
Turn   | Place    | Note
-------+----------+-------------------------------------------
     0 | D:1      | zeratav the Spriggan Hunter began the quest for the Orb.
     0 | D:1      | Reached XP level 1. HP: 10/10 MP: 2/2
     0 | D:1      | magus.rc [v1.9.6]
    35 | D:1      | Reached skill level 2 in Stealth
   143 | D:1      | Reached skill level 3 in Stealth
   195 | D:1      | Reached XP level 2. HP: 14/14 MP: 3/3
   451 | D:1      | Found a faded altar of an unknown god.
   473 | D:1      | Reached skill level 4 in Stealth
   935 | D:2      | Reached XP level 3. HP: 18/18 MP: 4/4
   952 | D:2      | Reached skill level 5 in Stealth
   978 | D:2      | You pick up a book of Spatial Translocations and begin
                  | reading...
   978 | D:2      | You add the spells Blink, Lesser Beckoning and Manifold
                  | Assault to your library.
  1113 | D:2      | Noticed Jessica
  1115 | D:2      | Killed Jessica
  1116 | D:2      | Reached skill level 5 in Bows
  1387 | D:2      | Found a runed translucent door.
  1388 | D:2      | Noticed Crazy Yiuf
  1704 | D:2      | Killed Crazy Yiuf
  1705 | D:2      | Reached skill level 6 in Bows
  1705 | D:2      | Reached XP level 4. HP: 13/22 MP: 2/5
  2225 | D:3      | Noticed Natasha
  2228 | D:3      | Killed Natasha
  2442 | D:3      | Noticed Natasha
  2449 | D:3      | Killed Natasha
  2450 | D:3      | Reached XP level 5. HP: 17/25 MP: 6/6
  2489 | D:3      | Noticed Natasha
  2497 | D:3      | Killed Natasha
  2498 | D:3      | Reached skill level 7 in Bows
  3289 | D:3      | Reached XP level 6. HP: 30/30 MP: 7/7
  3412 | D:3      | Reached skill level 8 in Bows
  4116 | D:4      | Reached skill level 9 in Bows
  4367 | D:4      | You pick up a book of Hexes and begin reading...
  4367 | D:4      | You add the spells Inner Flame, Cause Fear and Discord to
                  | your library.
  4515 | D:4      | Found a transporter.
  4517 | D:4      | Noticed logorrheac's ghost (novice GnWn)
  4530 | D:4      | Noticed Pikel
  4540 | D:4      | Killed Pikel
  4541 | D:4      | Reached skill level 10 in Bows
  4541 | D:4      | Reached skill level 2 in Fighting
  4541 | D:4      | Reached skill level 4 in Dodging
  4541 | D:4      | Reached XP level 7. HP: 19/35 MP: 8/8
  4931 | D:4      | Reached XP level 8. HP: 39/39 MP: 9/9
  4933 | D:4      | You add the spells Ozocubu's Armour and Ozocubu's
                  | Refrigeration to your library.
  4973 | D:5      | Entered Level 5 of the Dungeon
  5028 | D:5      | Reached skill level 3 in Fighting
  5162 | D:5      | Reached skill level 5 in Dodging
  5460 | D:5      | Found a staircase to the Ecumenical Temple.
  5572 | D:5      | Reached skill level 11 in Bows
  5596 | Temple   | Entered the Ecumenical Temple
  5691 | Temple   | Became a worshipper of Warmaster Okawaru
  5825 | D:6      | Noticed Grinder
  5843 | D:6      | Killed Grinder
  5844 | D:6      | Reached skill level 6 in Dodging
  5920 | D:6      | Reached skill level 4 in Fighting
  6006 | D:6      | Reached * piety under Okawaru
  6062 | D:6      | Reached skill level 7 in Dodging
  6071 | D:6      | Reached XP level 9. HP: 46/46 MP: 10/10
  6785 | D:7      | Reached skill level 5 in Fighting
  6812 | D:7      | Reached skill level 12 in Bows
  6830 | D:7      | Reached skill level 8 in Dodging
  7056 | D:7      | Found a sand-covered staircase.
  7074 | Ossuary  | Entered an ossuary
  7105 | Ossuary  | Reached ** piety under Okawaru
  7341 | D:7      | Reached skill level 9 in Dodging
  8050 | D:8      | Reached *** piety under Okawaru
  8052 | D:8      | Reached skill level 6 in Fighting
  8063 | D:8      | You pick up a book of Minor Magic and begin reading...
  8063 | D:8      | You add the spells Magic Dart and Mephitic Cloud to your
                  | library.
  8090 | D:8      | Received a gift from Okawaru
  8091 | D:8      | Reached XP level 10. HP: 53/53 MP: 11/11
  8516 | D:8      | Noticed Maurice
  8525 | D:8      | Killed Maurice
  8526 | D:8      | Reached skill level 13 in Bows
  8845 | D:9      | Reached skill level 10 in Dodging
  8851 | D:9      | Found a flagged portal.
  9058 | Bailey   | Entered a bailey
  9065 | Bailey   | Noticed an orc warlord
  9284 | Bailey   | Found a runed translucent gate.
  9284 | Bailey   | Found a runed translucent gate.
  9284 | Bailey   | Found a runed translucent gate.
  9478 | Bailey   | Killed an orc warlord
  9479 | Bailey   | Reached skill level 7 in Fighting
  9636 | Bailey   | Identified the +1 cloak "Abureav" {Int+6 Stlth+}
  9646 | Bailey   | Identified 3 scrolls of acquirement
  9660 | Bailey   | Acquired 1186 gold pieces
  9662 | Bailey   | Acquired 768 gold pieces
  9664 | Bailey   | Quit the game

Vanquished Creatures
  An orc warlord (Bailey)
  Pikel (D:4)
  Maurice (D:8)
  A hornet (D:9)
  Grinder (D:6)
  A steam dragon (D:7)
  A water moccasin (D:8)
  4 orc warriors
  2 ice beasts (D:6)
  A centaur (D:7)
  2 ogres
  A phantom (D:5)
  3 elf zombies (Ossuary)
  2 kobold brigands
  3 elf skeletons (D:7)
  7 wights
  3 killer bees (D:9)
  3 howler monkeys (D:8)
  6 centaur zombies (Ossuary)
  3 jellies
  Crazy Yiuf (D:2)
  A gnoll shaman (D:6)
  5 orc priests
  5 hounds
  3 human zombies (Ossuary)
  Jessica (D:2)
  2 human skeletons (D:7)
  An iguana (D:5)
  10 orc wizards
  Natasha (thrice) (D:3)
  3 mummies (Ossuary)
  16 gnolls
  5 adders
  4 white imps
  2 ufetubi
  A worm (D:5)
  2 dart slugs
  27 orcs
  8 ball pythons
  2 bats (D:2)
  3 endoplasms
  2 giant cockroaches
  41 goblins
  24 hobgoblins
  2 quokkas (D:2)
  2 frilled lizards
  26 kobolds
  An orc zombie (D:7)
  7 rats
257 creatures vanquished.

Vanquished Creatures (collateral kills)
  A necrophage (D:5)
1 creature vanquished.

Grand Total: 258 creatures vanquished

Table legend:
 A = Non-vault XP
 B = Vault XP
 C = Vault XP percentage of total XP
 D = Non-vault monster count
 E = Vault monster count
 F = Vault count percentage of total count
                 A         B        C        D         E       F
            +---------+---------+-------+---------+---------+-------
      Total |    4030 |    4443 |  52.4 |     145 |     113 |  43.8
            +---------+---------+-------+---------+---------+-------
        D:1 |      25 |       0 |   0.0 |      16 |       0 |   0.0
        D:2 |      33 |      78 |  70.3 |      20 |       2 |   9.1
        D:3 |      93 |     277 |  74.9 |       9 |      57 |  86.4
        D:4 |     308 |     645 |  67.7 |      14 |       3 |  17.6
        D:5 |     583 |       0 |   0.0 |      13 |       0 |   0.0
        D:6 |    1065 |     281 |  20.9 |      28 |       1 |   3.4
        D:7 |     620 |     318 |  33.9 |      20 |       6 |  23.1
        D:8 |     828 |     469 |  36.2 |      21 |       1 |   4.5
        D:9 |     475 |       6 |   1.2 |       4 |       4 |  50.0
    Ossuary |       0 |     756 | 100.0 |       0 |      15 | 100.0
     Bailey |       0 |    1613 | 100.0 |       0 |      24 | 100.0
            +---------+---------+-------+---------+---------+-------

Illustrated notes

Table legend:
 A = Kills in this place as a percentage of kills in entire the game.
 B = Kills by you in this place as a percentage of kills by you in the entire game.
 C = Kills by friends in this place as a percentage of kills by friends in the entire game.
 D = Other kills in this place as a percentage of other kills in the entire game.
 E = Experience gained in this place as a percentage of experience gained in the entire game.
 F = Experience gained in this place divided by the number of levels of this place that you have seen.
                   A       B       C       D       E      F
               +-------+-------+-------+-------+-------+----------------------
         Total | 100.0 | 100.0 | 100.0 |   N/A | 100.0 | 706.1
       Dungeon |  84.9 |  84.8 | 100.0 |   N/A |  72.0 | 678.2
       Ossuary |   5.8 |   5.8 |   0.0 |   N/A |   8.9 | 756.0
        Bailey |   9.3 |   9.3 |   0.0 |   N/A |  19.0 | 1613.0
               +-------+-------+-------+-------+-------+----------------------

Table legend: (Time is in decaauts)
 A = Elapsed time spent in this place.
 B = Non-inter-level travel time spent in this place.
 C = Inter-level travel time spent in this place.
 D = Time resting spent in this place.
 E = Time spent auto-exploring this place.
 F = Levels seen in this place.
 G = Mean time per level.
                   A        B        C        D        E       F      G
               +--------+--------+--------+--------+--------+-----+--------+
         Total |   6975 |   6670 |    305 |    809 |   4567 |  12 |  581.2 |
       Dungeon |   6232 |   5947 |    285 |    809 |   4095 |   9 |  692.4 |
        Temple |     73 |     53 |     20 |      0 |     49 |   1 |   73.0 |
       Ossuary |    174 |    174 |      0 |      0 |     92 |   1 |  174.0 |
        Bailey |    495 |    495 |      0 |      0 |    330 |   1 |  495.0 |
               +--------+--------+--------+--------+--------+-----+--------+

Top non-repeatable levels by time:
     D:3: 1664 daAuts
     D:2: 852 daAuts
     D:7: 709 daAuts
     D:6: 678 daAuts
     D:4: 639 daAuts
     D:8: 525 daAuts
  Bailey: 495 daAuts
     D:5: 489 daAuts
     D:1: 455 daAuts
     D:9: 218 daAuts
 Ossuary: 174 daAuts
  Temple: 73 daAuts
